 Dungeon Crawl Stone Soup version 0.27.1-15-g792fb953b9 (webtiles) character file.

Game seed: 8731168801114642087

9922 bearlyready the Grappler (level 11, -12/99 HPs)
             Began as a Ghoul Gladiator on Nov 20, 2021.
             Killed by the air
             ... invoked by Gastronok
              (20 damage)
             ... on level 9 of the Dungeon.
             The game lasted 00:13:46 (10308 turns).

bearlyready the Grappler (Ghoul Gladiator)         Turns: 10308, Time: 00:13:47

Health: -12/99     AC: 10    Str: 21    XL:     11   Next: 54%
Magic:  10/10      EV: 12    Int:  4    God:
Gold:   234        SH:  4    Dex: 10    Spells: 10/10 levels left

rFire    . . .     SeeInvis .     - Unarmed
rCold    + . .     Faith    .   q - +0 buckler
rNeg     + + +     Spirit   .   E - +0 steam dragon scales
rPois    ∞         Reflect  .   b - +0 helmet
rElec    .         Harm     .   D - +2 cloak
rCorr    .         Rampage  .   (no gloves)
Will     .....                  o - +0 pair of boots
Stlth    +++.......             (no amulet)
HPRegen  0.00/turn              (no ring)
MPRegen  0.12/turn              (no ring)

@: inhibited regen, slowed, very slow
A: claws 1, cold resistance 1, negative energy resistance 3, inhibited
regeneration, torment resistance 2
a: no special abilities


You were on level 9 of the Dungeon.
You visited 1 branch of the dungeon, and saw 9 of its levels.

You collected 605 gold pieces.
You spent 371 gold pieces at shops.

Inventory:

Missiles
 e - 7 poisoned darts (quivered)
 n - 7 silver boomerangs
 t - 6 boomerangs
Armour
 a - a +0 leather armour
 b - a +0 helmet (worn)
 i - a +0 pair of gloves
 o - a +0 pair of boots (worn)
 q - a +0 buckler (worn)
 v - a +1 leather armour of fire resistance
 w - a +0 scale mail
 x - the +0 hat "Loyn" {+Inv Int+3}
   (You found it on level 5 of the Dungeon)

   Int:       It affects your intelligence (+3).
   +Inv:      It lets you turn invisible.
 D - a +2 cloak (worn)
 E - +0 steam dragon scales (worn)
Jewellery
 C - a ring of fire
Wands
 c - a wand of flame (9)
 y - a wand of paralysis (12)
 A - a wand of polymorph (10)
 H - a wand of acid (4)
 K - a wand of mindburst (5)
Scrolls
 f - 4 scrolls of teleportation
 g - 3 scrolls of enchant weapon
 h - a scroll of noise {unknown}
 k - a scroll of immolation {unknown}
 s - 4 scrolls of blinking
 u - a scroll of vulnerability {unknown}
 B - a scroll of enchant armour
 F - a scroll of silence {unknown}
 G - a scroll of identify
Potions
 d - 7 potions of curing
 j - a potion of brilliance
 l - a potion of mutation {unknown}
 m - 3 potions of flight {unknown}
 p - a potion of haste {unknown}
 r - 5 potions of lignification
 z - 8 potions of heal wounds
 I - a potion of invisibility {unknown}
 J - a potion of cancellation {unknown}
 M - a potion of attraction {unknown}


   Skills:
 + Level 9.6 Fighting
 - Level 3.0 Throwing
 - Level 2.6 Dodging
 - Level 6.1 Stealth
 - Level 2.2 Shields
 + Level 13.6 Unarmed Combat
 + Level 6.0 Evocations


You had 10 spell levels left.
You didn't know any spells.
Your spell library contained the following spells:

 Spells                   Type           Power      Damage    Failure   Level
 Animate Skeleton         Necr           0%         N/A       56%         1
 Apportation              Tloc           0%         N/A       56%         1
 Corona                   Hex            0%         N/A       56%         1
 Pain                     Necr           0%         1d4       56%         1
 Summon Small Mammal      Summ           0%         N/A       56%         1
 Call Canine Familiar     Summ           0%         N/A       91%         3
 Ignite Poison            Fire/Tmut/Pois 0%         N/A       91%         3
 Mephitic Cloud           Conj/Pois/Air  0%         N/A       91%         3
 Vampiric Draining        Necr           0%         2d6       91%         3
 Summon Lightning Spire   Summ/Air       0%         N/A       100%        4
 Alistair's Intoxication  Tmut/Pois      0%         N/A       100%        5
 Bolt of Magma            Conj/Fire/Erth 0%         4d4       100%        5
 Borgnjor's Vile Clutch   Necr/Erth      0%         N/A       100%        5
 Summon Forest            Summ/Tloc      0%         N/A       100%        5
 Conjure Ball Lightning   Conj/Air       0%         3x3d6     100%        6
 Eringya's Noxious Bog    Tmut/Pois      0%         N/A       100%        6
 Discord                  Hex            0%         N/A       100%        8
 Disjunction              Tloc           0%         N/A       100%        8


Dungeon Overview and Level Annotations

Branches:
Dungeon (9/15)
 Temple: D:4-7         Lair: D:8-11         Orc: D:9-12

Altars:

Shops:
D:6 !!(*   D:7 !   D:8 :

Annotations:
D:9 Gastronok


Innate Abilities, Weirdness & Mutations

You thrive by killing the living.
You are immune to poison.
You have sharp fingernails.
Your flesh is cold resistant. (rC+)
You are immune to negative energy. (rN+++)
You do not regenerate when monsters are visible.
You are immune to unholy pain and torment.


Message History

The acid corrodes Gastronok!
Gastronok is moderately wounded.
Gastronok looks at you while chanting.
You feel yourself slow down.
Aiming: Corrosive Bolt
Press: ? - help, Shift-Dir - straight line, f/p - Gastronok
Aim: Gastronok, wearing the +3 hat of Pondering {ponderous, Will+ MP+10 Int+5} (moderately wounded, poisoned, covered in acid, 100% to hit)
The bolt of acid hits Gastronok!
Gastronok is splashed with acid.
Gastronok seems to be corroded for longer.
Gastronok is heavily wounded.
Throw: javelin
Press: ? - help, Q - select action, (/) - cycle Shift-Dir - straight line, f/p - Gastronok
Aim: Gastronok, wearing the +3 hat of Pondering {ponderous, Will+ MP+10 Int+5} (heavily wounded, poisoned, covered in acid, 93% to hit)
You throw a javelin. The javelin pierces through Gastronok.
Gastronok is heavily wounded.
The orc wizard casts a spell.
The orc wizard flickers and vanishes!
Deactivating autopickup; reactivate with Ctrl-A.
Gastronok waves his eye-stalks in wide circles.
The air twists around and strikes you!
You hear a zap.
Your mind is blasted!
* * * LOW HITPOINT WARNING * * *
Throw: 7 darts (poison)
Press: ? - help, Q - select action, (/) - cycle Shift-Dir - straight line, f/p - Gastronok
Aim: Gastronok, wearing the +3 hat of Pondering {ponderous, Will+ MP+10 Int+5} (heavily wounded, poisoned, covered in acid, 93% to hit)
Okay, then.
Aiming: Corrosive Bolt
Press: ? - help, Shift-Dir - straight line, f/p - Gastronok
Aim: Gastronok, wearing the +3 hat of Pondering {ponderous, Will+ MP+10 Int+5} (heavily wounded, poisoned, covered in acid, 100% to hit)
The bolt of acid hits Gastronok!
Gastronok is splashed with acid.
Gastronok is severely wounded.
Gastronok looks more healthy.
A wight comes into view. It is wielding a +3 dagger.
You hear a zap.
Your mind is blasted!
* * * LOW HITPOINT WARNING * * *
Gastronok waves his eye-stalks in wide circles.
The air twists around and strikes you!!
You die...

#... #### #.... ...
...#####.# #
#.####..#.#.#.#.#.#
#..##...##.......#
#..##...#†...###..#
#..##...##...# ##
#..##....†)##.# ...
#..###.@##)# #...##
#..# #..#.†###.[..#
#..###..##.......##
####...##..#†#†#.#.#.#
#........{w##### # ###
#.##.#)##..#
#..#.#.##..#
#...#.#..z#
#......#.###


You could see Gastronok (corroded) and a wight.

Vanquished Creatures
  A boulder beetle (D:9)
  A hydra (D:9)
  2 two-headed ogres
  A centaur warrior (D:9)
  Pikel (D:8)
  A deep elf pyromancer (D:8)
  Maurice (D:8)
  A hornet (D:9)
  Prince Ribbit (D:8)
  6 wyverns
  4 yaks (D:7)
  2 steam dragons
  Menkaure (D:4)
  An acid dragon (D:8)
  2 water moccasins (D:7)
  A hornet zombie (D:5)
  A black bear (D:5)
  2 orc warriors
  A sky beast (D:6)
  2 necrophages
  3 ogres
  3 centaurs
  A kobold brigand (D:7)
  2 scorpions (D:6)
  2 bullfrogs
  A water moccasin skeleton (D:5)
  4 killer bees (D:7)
  3 wights (D:7)
  A jelly (D:7)
  4 howler monkeys
  A bullfrog zombie (D:7)
  2 centaur zombies (D:9)
  2 gnoll shamans
  A hound (D:5)
  5 orc priests
  2 centaur skeletons
  A bullfrog skeleton (D:5)
  4 iguanas
  6 orc wizards
  A howler monkey zombie (D:9)
  12 gnolls
  8 adders
  A shadow imp (D:6)
  An ufetubus (D:3)
  An adder skeleton (D:4)
  4 dart slugs
  16 orcs
  3 bats
  5 endoplasms
  4 giant cockroaches
  4 goblins
  5 hobgoblins
  4 jackals (D:2)
  8 quokkas
  8 ball pythons
  3 frilled lizards
  14 kobolds
  6 rats
189 creatures vanquished.

Notes
Turn   | Place    | Note
-------+----------+-------------------------------------------
     0 | D:1      | bearlyready the Ghoul Gladiator began the quest for the
                  | Orb.
     0 | D:1      | Reached XP level 1. HP: 17/17 MP: 0/0
   332 | D:1      | Reached XP level 2. HP: 23/24 MP: 1/1
   404 | D:1      | Reached skill level 4 in Unarmed Combat
   753 | D:1      | Found a faded altar of an unknown god.
   900 | D:1      | Reached XP level 3. HP: 11/29 MP: 2/2
  1388 | D:2      | Reached skill level 5 in Unarmed Combat
  1643 | D:2      | Reached XP level 4. HP: 36/36 MP: 3/3
  2066 | D:2      | Reached skill level 1 in Stealth
  2831 | D:3      | Reached XP level 5. HP: 40/41 MP: 4/4
  3166 | D:3      | Noticed an ogre
  3187 | D:3      | Killed an ogre
  3596 | D:4      | Reached skill level 6 in Unarmed Combat
  3596 | D:4      | Reached XP level 6. HP: 42/48 MP: 5/5
  4063 | D:4      | Reached skill level 1 in Shields
  4239 | D:4      | Noticed Menkaure
  4558 | D:4      | Noticed a necrophage
  4694 | D:4      | Killed a necrophage
  4695 | D:4      | Reached XP level 7. HP: 55/55 MP: 6/6
  4895 | D:4      | Killed Menkaure
  4901 | D:5      | Entered Level 5 of the Dungeon
  4999 | D:5      | Reached skill level 5 in Stealth
  4999 | D:5      | Reached skill level 7 in Unarmed Combat
  5243 | D:5      | Identified the +0 hat "Loyn" {+Inv Int+3}
  5534 | D:5      | Reached XP level 8. HP: 39/61 MP: 7/7
  5857 | D:5      | Reached skill level 1 in Evocations
  5957 | D:5      | Reached skill level 8 in Unarmed Combat
  6441 | D:6      | Found Qiamyah's Distillery.
  6449 | D:6      | Bought a potion of curing for 42 gold pieces
  6449 | D:6      | Bought a potion of curing for 42 gold pieces
  6449 | D:6      | Bought a potion of curing for 42 gold pieces
  6489 | D:6      | Found Yretug's Distillery.
  6495 | D:6      | Identified the +1 trident "Niludaaps" {flame, rC+ Will+
                  | Dex+3 Stlth-}
  6501 | D:6      | Bought a potion of heal wounds for 55 gold pieces
  6501 | D:6      | Bought a potion of heal wounds for 55 gold pieces
  6501 | D:6      | Bought a potion of heal wounds for 55 gold pieces
  6555 | D:6      | Found Puheac's Assorted Antiques.
  6626 | D:6      | Found Tetteac's Weapon Shop.
  6816 | D:6      | Noticed a two-headed ogre
  6833 | D:6      | Killed a two-headed ogre
  6834 | D:6      | Reached skill level 9 in Unarmed Combat
  6834 | D:6      | Reached XP level 9. HP: 67/67 MP: 8/8
  6957 | D:6      | Reached skill level 5 in Evocations
  7263 | D:7      | Reached skill level 10 in Unarmed Combat
  7322 | D:7      | Found Dyaphasa's Distillery.
  7876 | D:7      | Bought a potion of heal wounds for 80 gold pieces
  7893 | D:7      | Noticed a freezing wraith
  7894 | D:7      | Noticed a freezing wraith
  7895 | D:7      | Noticed a death knight
  7895 | D:7      | Noticed a phantasmal warrior
  7990 | D:8      | Noticed Prince Ribbit
  7996 | D:8      | Killed Prince Ribbit
  7997 | D:8      | Reached skill level 11 in Unarmed Combat
  7997 | D:8      | Reached XP level 10. HP: 78/78 MP: 9/9
  8000 | D:8      | Got the Grimoire of Creation
  8288 | D:8      | Noticed a two-headed ogre
  8302 | D:8      | Killed a two-headed ogre
  8303 | D:8      | Reached skill level 5 in Fighting
  8514 | D:8      | Noticed Maurice
  8528 | D:8      | Killed Maurice
  8664 | D:8      | Noticed a deep elf pyromancer
  8674 | D:8      | Killed a deep elf pyromancer
  8889 | D:7      | Reached skill level 12 in Unarmed Combat
  9569 | D:8      | Noticed Pikel
  9593 | D:8      | Killed Pikel
  9713 | D:8      | Found Roemoabb's Book Boutique.
  9727 | D:8      | Reached XP level 11. HP: 88/94 MP: 10/10
 10083 | D:9      | Noticed a six-headed hydra
 10092 | D:9      | Killed a six-headed hydra
 10093 | D:9      | Reached skill level 13 in Unarmed Combat
 10203 | D:9      | Noticed a centaur warrior
 10210 | D:9      | Killed a centaur warrior
 10258 | D:9      | Noticed a boulder beetle
 10269 | D:9      | Killed a boulder beetle
 10294 | D:9      | Noticed Gastronok
 10308 | D:9      | Killed from afar by Gastronok

Illustrated notes

Levels and vault maps discovered:
D:1:      dpeg_arrival_three_smaller_balls, layout_basic,
          shapermc_ecumenical_altar_ellora, amcnicky_mini_pool_small
D:2:      layout_basic, interstate_on_off, minmay_3d_cube
D:3:      minmay_evil_eye, layout_basic
D:4:      layout_cave_pools, uniq_menkaure
D:5:      layout_basic
D:6:      layout_basic, serial_shops, nicolae_stop_n_shop_2,
          nicolae_diamond_shop, nicolae_shop_overgrown_old_shop, shop
D:7:      layout_rooms, lemuel_doored_altar, lemuel_temple_firewalk_b,
          serial_shops, shop_statue, grunt_tough_drop, uniq_crazy_yiuf_cottage
D:8:      layout_gridville, serial_shops, shop, minivault_1, uniq_maurice,
          uniq_pikel, uniq_prince_ribbit1
D:9:      minmay_the_grid_4x2 [minmay_the_grid_dragon_b, minmay_the_grid_x,
          minmay_the_grid_rooms, minmay_the_grid_tiny_cups,
          minmay_the_grid_minigrid_small_alt, minmay_the_grid_outer_circle,
          minmay_the_grid_empty, minmay_the_grid_prize_big_room], layout_rooms,
          lair_entry_dummy, gammafunk_ghost_spectres, chequers_mini_garden,
          uniq_gastronok

Skill      XL: |  1  2  3  4  5  6  7  8  9 10 11 |
---------------+----------------------------------+-----
Unarmed Combat | 4 5 6 7 9 11 12 13 | 13.6
Throwing       | 2 3 |  3.0
Stealth        | 1 2 4 5 6 |  6.1
Shields        | 1 2 |  2.2
Evocations     | 4 6 |  6.0
Fighting       | 4 7 9 |  9.6
Dodging        | |  2.6

Action                   |  1- 3 |  4- 6 |  7- 9 | 10-12 || total
-------------------------+-------+-------+-------+-------++-------
Melee: Unarmed           |   116 |   139 |   267 |   177 ||   699
       Punch             |       |     1 |       |       ||     1
Throw: Dart              |       |    27 |    27 |    24 ||    78
       Throwing net      |       |     2 |     2 |       ||     4
       Boomerang         |       |       |     4 |     3 ||     7
       Javelin           |       |       |       |     4 ||     4
Evoke: Wand              |       |       |       |    15 ||    15
  Use: Scroll            |       |       |     6 |       ||     6
 Stab: Held in net/web   |       |     3 |     1 |       ||     4
       Sleeping          |       |       |     8 |     4 ||    12
       Paralysed         |       |       |       |    13 ||    13
Armor: Leather armour    |    34 |    38 |    39 |       ||   111
       Scale mail        |       |       |    17 |       ||    17
       Steam dragon scal |       |       |     6 |    47 ||    53
Dodge: Dodged            |    64 |   101 |   114 |    79 ||   358
Block: Buckler           |       |    16 |    34 |    30 ||    80
